 Dungeon Crawl Stone Soup version 0.20-a0-633-gff4aa5c (webtiles) character file.

91 HallandMoats the Skirmisher (level 4, 0/35 HPs)
             Began as a Demonspawn Fighter on Feb 11, 2017.
             Slain by a centaur (1 damage)
             ... on level 3 of the Dungeon.
             The game lasted 00:02:38 (2589 turns).

HallandMoats the Skirmisher (Demonspawn Fighter)    Turns: 2589, Time: 00:02:39

Health: 0/35       AC: 11    Str: 21    XL:     4   Next: 34%
Magic:  4/4        EV:  8    Int:  9    God:
Gold:   137        SH:  9    Dex: 14    Spells: 3/3 levels left

rFire    . . .     SeeInvis .   a - +0 long sword
rCold    . . .     Gourm    .   y - +0 troll leather armour
rNeg     . . .     Faith    .   c - +0 shield
rPois    .         Spirit   .   (no helmet)
rElec    .         Reflect  .   (no cloak)
rCorr    .         Harm     .   (no gloves)
MR       .....                  m - +0 pair of boots
Stlth    +.........             j - amulet of rage
Regen    0.6/turn               (no ring)
                                i - +4 ring of protection (curse)

@: mighty
A: icy blue scales 1
a: Evoke Berserk Rage


You were on level 3 of the Dungeon.
You were not hungry.

You visited 1 branch of the dungeon, and saw 3 of its levels.

You collected 137 gold pieces.

Inventory:

Hand Weapons
 a - a +0 long sword (weapon)
Armour
 c - a +0 shield (worn)
 m - a +0 pair of boots (worn)
 y - a +0 troll leather armour (worn)
Jewellery
 i - a cursed +4 ring of protection (left hand)
 j - an amulet of rage (around neck)
 v - an uncursed ring of fire
 x - an uncursed amulet of regeneration {unknown}
Scrolls
 e - a scroll of magic mapping {unknown}
 k - 4 scrolls of identify {unknown}
 n - 2 scrolls of random uselessness {unknown}
 o - a scroll of amnesia {unknown}
 p - a scroll of noise {unknown}
 s - 3 scrolls of teleportation {unknown}
 t - a scroll of fear {unknown}
 w - a scroll of immolation {unknown}
Potions
 h - a potion of lignification {unknown}
 l - a potion of curing {unknown}
 z - a potion of mutation {unknown}
Comestibles
 f - 5 bread rations
 g - 2 royal jellies
 q - 4 fruits
 r - a meat ration
 u - 5 chunks of flesh


   Skills:
 + Level 3.5 Fighting
 * Level 3.3 Long Blades
 - Level 2.9 Armour
 - Level 2.9 Shields
 + Level 1.0 Evocations


You had 3 spell levels left.
You didn't know any spells.

Dungeon Overview and Level Annotations

Branches:
Dungeon (3/15)

Altars:


Innate Abilities, Weirdness & Mutations

You are partially covered in icy blue scales. (AC +2)


Message History

The centaur hits you!
* * * LOW HITPOINT WARNING * * *
You hit the centaur.
The centaur is lightly wounded.
The centaur hits you.
* * * LOW HITPOINT WARNING * * *
The centaur hits you.
* * * LOW HITPOINT WARNING * * *
You slash the centaur!
The centaur is heavily wounded.
The centaur hits you but does no damage.
You block the centaur's attack.
You feel very mighty all of a sudden. You block the centaur's attack.
You completely miss the centaur.
The centaur is heavily wounded.
The centaur hits you.
* * * LOW HITPOINT WARNING * * *
The centaur hits you.
You die...

....#......# ..#.#......#
#.#.#...... 8 #.#.#....
.. #######.#.##.#######.
....(................
###.....#...?(###.######
###.#####.....(.........
......#######..(@.......
......##...##....c......
......##...##...........
......##................
....รท.##....#...........
......##....#...........
......##................
........[..##.#.....####
##...<#.....#.#


You could see a centaur.

Vanquished Creatures
  4 adders (D:2)
  An ooze (D:2)
  A worm (D:2)
  2 dart slugs
  4 giant cockroaches
  9 goblins
  3 hobgoblins
  A quokka (D:3)
  3 bats
  7 frilled lizards
  3 kobolds (D:1)
  10 rats
48 creatures vanquished.

Notes
Turn   | Place    | Note
-------+----------+-------------------------------------------
     0 | D:1      | HallandMoats the Demonspawn Fighter began the quest for the Orb.
     0 | D:1      | Reached XP level 1. HP: 18/18 MP: 1/1
   312 | D:1      | Gained mutation: You are partially covered in icy blue scales. (AC +2) [demonic ancestry]
   312 | D:1      | Reached XP level 2. HP: 6/24 MP: 2/2
  1395 | D:2      | Reached XP level 3. HP: 18/29 MP: 3/3
  2045 | D:2      | Reached XP level 4. HP: 35/35 MP: 4/4
  2553 | D:3      | Reached skill level 1 in Evocations
  2578 | D:3      | Noticed a centaur
  2589 | D:3      | HP: 1/35 [centaur (3)]
  2589 | D:3      | Slain by a centaur

Vault maps used:
D:1:      dpeg_arrival_fog
D:2:      first_bread, minmay_pentomino_o4
D:3:      gup_sewer_entry_bubbles, st_stairs_14, uniq_sigmund, uniq_jessica,
          uniq_crazy_yiuf_cottage

Skill      XL: |  1  2  3  4 |
---------------+-------------+-----
Long Blades    | 2 3 |  3.3
Evocations     | 1 |  1.0
Fighting       | |  3.5
Armour         | |  2.9
Shields        | |  2.9

Action                   |  1- 3 |  4- 6 || total
-------------------------+-------+-------++-------
Melee: Long sword        |   142 |    45 ||   187
  Use: Potion            |       |     1 ||     1
  Eat: Chunk             |     4 |     2 ||     6
Armor: Scale mail        |    89 |    30 ||   119
       Troll leather arm |       |     8 ||     8
Dodge: Dodged            |    34 |     8 ||    42
Block: Shield            |    75 |    30 ||   105
       Rpst.: Long sword |    11 |     3 ||    14
